 Dungeon Crawl Stone Soup version 0.28.0-43-g3370ac3207 (console) character file.

Game seed: 2456506707089503427

459 Zeor the Slasher (level 7, -2/55 HPs)
             Began as a Vine Stalker Berserker on Mar 24, 2022.
             Was an Elder of Trog.
             Succumbed to a gnoll's poison
             ... on level 4 of the Dungeon.
             The game lasted 00:10:42 (3651 turns).

Zeor the Slasher (Vine Stalker Berserker)           Turns: 3651, Time: 00:10:42

Health: -2/55      AC:  5    Str: 22    XL:     7   Next: 6%
Magic:  4/8        EV: 11    Int:  7    God:    Trog [****..]
Gold:   120        SH:  0    Dex: 13    Spells: 6/6 levels left

rFire   + . .      SeeInvis .   a - +0 falchion
rCold   + . .      Faith    .   (no shield)
rNeg    . . .      Spirit   +   d - +0 ring mail
rPois   .          Reflect  .   (no helmet)
rElec   .          Harm     .   (no cloak)
rCorr   .          Rampage  .   (no gloves)
Will    .....                   (no boots)
Stlth   ..........              (no amulet)
HPRegen 0.98/turn               c - ring of protection from cold
MPRegen 0.11/turn               f - ring of protection from fire

@: berserking, lethally poisoned (-2 -> -28), very quick
A: fangs 2, regeneration 1, magic shield, antimagic bite, no potion heal 2
a: Renounce Religion, Berserk, Trog's Hand, Brothers in Arms


You were on level 4 of the Dungeon.
You worshipped Trog.
Trog was greatly pleased with you.
You visited 1 branch of the dungeon, and saw 4 of its levels.

You collected 120 gold pieces.

Inventory:

Hand Weapons
 a - a +0 falchion (weapon)
 b - a +1 short sword of draining
 m - a +0 falchion
 t - a +0 shortbow
 w - a +1 hand axe of freezing
 x - a +0 hand crossbow
Missiles
 e - 115 sling bullets
 i - 6 boomerangs (quivered)
 l - 3 javelins
 n - 42 arrows
 o - 15 poisoned darts
 p - 3 curare-tipped darts
 s - 40 bolts
Armour
 d - a +0 ring mail (worn)
Jewellery
 c - a ring of protection from cold (left hand)
 f - a ring of protection from fire (right hand)
Wands
 k - a wand of polymorph (7)
Potions
 g - a potion of berserk rage {unknown}
 h - a potion of haste {unknown}
 j - a potion of magic {unknown}
 q - a potion of brilliance {unknown}
 r - a potion of attraction {unknown}
 u - a potion of resistance {unknown}
 v - a potion of curing {unknown}
 z - a potion of flight {unknown}


   Skills:
 + Level 3.7 Fighting
 * Level 6.0 Long Blades
 + Level 2.3 Armour
 + Level 2.0 Dodging
 + Level 0.9 Stealth


You had 6 spell levels left.
You didn't know any spells.
Your spell library was empty.

Dungeon Overview and Level Annotations

Branches:
Dungeon (4/15)
 Temple: D:4-7

Altars:
Ashenzari
Hepliaklqana
Zin
The Shining One

Shops:
D:1 *


Innate Abilities, Weirdness & Mutations

You have extremely sharp teeth.
Your natural rate of healing is unusually fast.
When hurt, damage is shared between your health and your magic reserves.
Your bite disrupts and absorbs the magic of your enemies.
Potions cannot restore your health.


Message History

You hit the gnoll. Your bite misses the gnoll.
The gnoll is lightly wounded.
You feel very sick.
The gnoll hits you from afar with a +2 spear of venom!
You are lethally poisoned!
The gnoll hits you with a +0 flail.
A kobold comes into view. It is wielding a +0 short sword.
Okay, then.
A red film seems to cover your vision as you go berserk!
You feel yourself moving faster!
You feel mighty!
You feel very sick.
The kobold shouts!
The gnoll hits you from afar with a +2 spear of venom.
You are lethally poisoned!
The gnoll hits you but does no damage.
You slash the gnoll!
The gnoll is almost dead.
* * * LOW HITPOINT WARNING * * *
You feel very sick. The gnoll hits you but does no damage.
The gnoll hits you from afar with a +2 spear of venom.
* * * LOW HITPOINT WARNING * * *
You are more poisoned.
You are too berserk!
You hit the gnoll.
You feel the power of Trog in you as your rage grows.
You kill the gnoll!
Trog accepts your kill.
* * * LOW HITPOINT WARNING * * *
You feel very sick.
Your Long Blades skill increases to level 6!
* * * LOW HITPOINT WARNING * * *
You feel very sick. The gnoll hits you but does no damage.
You are more poisoned.
You see here a +0 flail.
You slice the gnoll!!
You kill the gnoll!
Trog accepts your kill.
You die...

▒▒▒ ▒∙∙ ▒∙▒ ▒▒∙▒▒▒▒
∙gK∙∙▒ ▒)▒▒∙▒ ▒ ▒▒■▒
▒f▒▒∙▒▒∙▒ ▒▒∙∙∙▒▒
▒∙∙)∙∙∙∙▒ ▒▒∙∙∙∙∙▒▒
▒▒▒▒▒▒▒▒∙▒▒▒▒
▒▒∙∙∙∙∙∙∙▒▒▒∙∙∙∙∙▒▒∙▒
▒∙∙∙∙∙∙∙∙∙▒▒∙▒∙∙∙▒▒∙▒▒
'∙∙∙∙∙∙∙∙∙'∙∙∙∙∙∙∙∙▒∙▒
▒∙∙∙∙∙∙∙∙∙▒▒∙▒∙∙∙▒▒∙▒▒
▒∙)∙∙∙∙∙▒▒▒∙∙∙∙∙▒▒▒▒
▒▒∙∙∙∙∙▒▒ ▒▒▒∙▒▒▒


You could see a hobgoblin and a kobold.

Vanquished Creatures
  A centaur (D:4)
  A bullfrog skeleton (D:4)
  Ijyb (D:3)
  An iguana (D:4)
  Natasha (twice) (D:4)
  An orc wizard (D:3)
  4 gnolls (D:4)
  8 adders
  A worm (D:2)
  2 dart slugs
  15 orcs
  11 ball pythons
  10 endoplasms
  2 giant cockroaches
  11 goblins
  8 hobgoblins
  4 jackals (D:1)
  5 quokkas
  2 bats
  6 frilled lizards
  13 kobolds
  5 rats
114 creatures vanquished.

Vanquished Creatures (others)
  A plant (D:3)
1 creature vanquished.

Grand Total: 115 creatures vanquished

Notes
Turn   | Place    | Note
-------+----------+-------------------------------------------
     0 | D:1      | Zeor the Vine Stalker Berserker began the quest for the
                  | Orb.
     0 | D:1      | Reached XP level 1. HP: 11/11 MP: 2/2
    23 | D:1      | Reached skill level 3 in Long Blades
    24 | D:1      | Reached XP level 2. HP: 16/16 MP: 0/3
   121 | D:1      | Found Xaip's General Store.
   266 | D:1      | Found a faded altar of an unknown god.
   392 | D:1      | Reached XP level 3. HP: 17/19 MP: 4/4
   418 | D:1      | Reached ** piety under Trog
   999 | D:2      | Found a hazy altar of Hepliaklqana.
  1227 | D:2      | Gained mutation: Your natural rate of healing is unusually
                  | fast. [Vine Stalker growth]
  1227 | D:2      | Reached XP level 4. HP: 24/24 MP: 5/5
  1235 | D:2      | Reached skill level 4 in Long Blades
  1645 | D:3      | Reached XP level 5. HP: 28/28 MP: 6/6
  1766 | D:3      | Found a large runed translucent door.
  1767 | D:3      | Found a large runed translucent door.
  1786 | D:3      | Reached *** piety under Trog
  1845 | D:3      | Noticed Ijyb
  1854 | D:3      | Killed Ijyb
  2416 | D:3      | Found a broken altar of Ashenzari.
  2714 | D:3      | Reached skill level 5 in Long Blades
  2770 | D:3      | Found a glowing golden altar of the Shining One.
  2786 | D:3      | Found a glowing silver altar of Zin.
  2912 | D:4      | Reached XP level 6. HP: 32/32 MP: 7/7
  3016 | D:4      | Noticed Natasha
  3028 | D:4      | Killed Natasha
  3500 | D:4      | Reached **** piety under Trog
  3518 | D:4      | Noticed Natasha
  3531 | D:4      | Killed Natasha
  3640 | D:4      | Reached XP level 7. HP: 37/37 MP: 8/8
  3650 | D:4      | Reached skill level 6 in Long Blades
  3650 | D:4      | HP: 2/55 [poisoned by a gnoll]
  3651 | D:4      | Succumbed to a gnoll's poison

Illustrated notes

Levels and vault maps discovered:
D:1:      denvon_arrival_hothouse, layout_loops_ring, serial_shops,
          nicolae_shop_crystal, dilly_ecumenical_altar_fadedgnrine
D:2:      layout_basic, basic_altar
D:3:      corexii_shack_village, layout_basic, mainiacjoe_overflow_chevrons,
          jmf_multi_god_temple2, st_stairs_5, minmay_shallow_snake_nest,
          uniq_ijyb
D:4:      layout_loops_corners, uniq_natasha

Skill      XL: |  1  2  3  4  5  6  7 |
---------------+----------------------+-----
Long Blades    | 3 4 5 6 |  6.0
Fighting       | 3 |  3.7
Armour         | 2 |  2.3
Dodging        | 2 |  2.0
Stealth        | |  0.9

Action                   |  1- 3 |  4- 6 |  7- 9 || total
-------------------------+-------+-------+-------++-------
Melee: Falchion          |    70 |   203 |     8 ||   281
       Bite              |     9 |    49 |     1 ||    59
       Punch             |     1 |     3 |       ||     4
Throw: Boomerang         |       |     1 |       ||     1
Invok: Berserk           |     2 |     1 |     1 ||     4
       Trog's Hand       |       |     1 |       ||     1
  Use: Scroll            |       |     4 |       ||     4
 Stab: Sleeping          |     1 |       |       ||     1
Armor: Ring mail         |    12 |    53 |     3 ||    68
       Animal skin       |     2 |       |       ||     2
Dodge: Dodged            |    25 |    84 |     3 ||   112
